 Dungeon Crawl Stone Soup version 0.27.1-34-g3ba077fa99 (webtiles) character file.

Game seed: 14087667862575197261

293 sankara the Chopper (level 6, -1/56 HPs)
             Began as a Minotaur Monk on Jan 22, 2022.
             Slain by Pikel (3 damage)
             ... on level 4 of the Dungeon.
             The game lasted 00:05:43 (3139 turns).

sankara the Chopper (Minotaur Monk)                 Turns: 3139, Time: 00:05:44

Health: -1/56      AC:  3    Str: 22    XL:     6   Next: 11%
Magic:  5/5        EV: 14    Int:  7    God:
Gold:   206        SH:  0    Dex: 14    Spells: 5/5 levels left

rFire    . . .     SeeInvis .   a - +0 hand axe
rCold    . . .     Faith    .   (no shield)
rNeg     . . .     Spirit   .   b - +1 robe
rPois    .         Reflect  .   (helmet restricted)
rElec    .         Harm     .   (no cloak)
rCorr    .         Rampage  .   (no gloves)
Will     .....                  (no boots)
Stlth    ++........             (no amulet)
HPRegen  0.18/turn              i - +6 ring of strength
MPRegen  0.09/turn              (no ring)

@: no status effects
A: horns 2, retaliatory headbutt
a: no special abilities


You were on level 4 of the Dungeon.
You visited 1 branch of the dungeon, and saw 4 of its levels.

You collected 206 gold pieces.

Inventory:

Hand Weapons
 a - a +0 hand axe (weapon)
Missiles
 c - 128 stones (quivered)
 d - 58 sling bullets
 g - 9 poisoned darts
Armour
 b - a +1 robe (worn)
 k - a +0 buckler
Jewellery
 i - a +6 ring of strength (left hand)
Scrolls
 j - a scroll of identify
Potions
 e - a potion of might
 f - 2 potions of brilliance {unknown}
 h - 6 potions of curing {unknown}
 l - a potion of heal wounds {unknown}


   Skills:
 + Level 5.1 Fighting
 * Level 6.4 Axes
 + Level 4.7 Dodging
 - Level 1.5 Stealth


You had 5 spell levels left.
You didn't know any spells.
Your spell library was empty.

Dungeon Overview and Level Annotations

Branches:
Dungeon (4/15)             Temple (0/1) D:4

Altars:

Shops:
D:2 [*(   D:3 =

Annotations:
D:4 Pikel


Innate Abilities, Weirdness & Mutations

You have a pair of horns on your head.
You reflexively headbutt those who attack you in melee.


Message History

You closely miss the lemure. You miss the lemure. The lemure misses you.
You furiously retaliate!
You headbutt the lemure. The lemure barely misses you. Pikel barely misses you.
You furiously retaliate!
You headbutt Pikel. You hit Pikel.
Pikel is heavily wounded.
You closely miss the lemure. You hit the lemure. The lemure hits you.
The lemure misses you. You furiously retaliate!
You headbutt the lemure, but do no damage.
Pikel hits you but does no damage.
You slash Pikel! You headbutt Pikel.
Pikel is severely wounded.
You hit the lemure. You barely miss the lemure. The lemure hits you!
Pikel closely misses you. The lemure misses you.
You hit Pikel. Your headbutt misses Pikel.
Pikel is severely wounded.
You hit the lemure but do no damage. You closely miss the lemure.
The lemure misses you. Pikel hits you but does no damage. The lemure hits you.
You hit Pikel. You headbutt Pikel, but do no damage.
Pikel is almost dead.
You hit the lemure but do no damage. x2; The lemure misses you.
The lemure hits you.
Pikel hits you with a +0 whip of flaming!
Pikel burns you.
You hit Pikel.
Pikel is almost dead.
You barely miss the lemure. You hit the lemure. The lemure barely misses you.
You furiously retaliate!
You headbutt the lemure! Pikel barely misses you.
The lemure closely misses you.
You completely miss Pikel. Your headbutt misses Pikel.
Pikel is almost dead.
You hit the lemure. x2; The lemure closely misses you.
Pikel barely misses you. The lemure hits you!
* * * LOW HITPOINT WARNING * * *
You closely miss Pikel.
Pikel is almost dead.
You hit the lemure. You hit the lemure but do no damage. The lemure misses you.
Pikel hits you with a +0 whip of flaming!
* * * LOW HITPOINT WARNING * * *
Pikel burns you.
You die...

####### #8...8#
#.....# #..>..#
#.55..# #8K558# #@#
##.## ##≈.≈##
##≈.≈≈≈# #≈≈≈.≈≈#
#≈≈≈≈.## ##≈≈..##
#≈≈...#### ###..
..###....##.##.....


You could see Pikel and 4 lemures.

Vanquished Creatures
  A scorpion (D:3)
  A jelly (D:3)
  A hound skeleton (D:2)
  Robin (D:2)
  A howler monkey zombie (D:3)
  7 adders
  4 worms
  3 dart slugs
  4 orcs (D:4)
  5 ball pythons
  8 bats
  10 endoplasms
  13 goblins
  3 hobgoblins
  7 jackals
  9 kobolds
  4 quokkas
  4 frilled lizards
  5 rats
91 creatures vanquished.

Notes
Turn   | Place    | Note
-------+----------+-------------------------------------------
     0 | D:1      | sankara the Minotaur Monk began the quest for the Orb.
     0 | D:1      | Reached XP level 1. HP: 19/19 MP: 0/0
   125 | D:1      | Reached skill level 4 in Axes
   264 | D:1      | Reached XP level 2. HP: 12/27 MP: 1/1
   990 | D:1      | Reached XP level 3. HP: 28/33 MP: 2/2
  1152 | D:2      | Found Poemyi's General Store.
  1171 | D:2      | Found Etuj's Antique Weapon Shop.
  1347 | D:2      | Found Tuug's Armour Shoppe.
  1379 | D:2      | Found a faded altar of an unknown god.
  1397 | D:2      | Reached XP level 4. HP: 32/40 MP: 3/3
  1400 | D:2      | Reached skill level 5 in Axes
  1519 | D:2      | Noticed Robin
  1524 | D:2      | Killed Robin
  2119 | D:3      | Noticed a scorpion
  2143 | D:3      | Killed a scorpion
  2144 | D:3      | Reached XP level 5. HP: 38/47 MP: 4/4
  2249 | D:3      | Reached skill level 5 in Fighting
  2249 | D:3      | Reached skill level 6 in Axes
  2677 | D:3      | Reached XP level 6. HP: 56/56 MP: 5/5
  2825 | D:3      | Found Runlos's Jewellery Shoppe.
  3128 | D:4      | Found a staircase to the Ecumenical Temple.
  3128 | D:4      | Noticed Pikel
  3139 | D:4      | HP: 2/56 [Pikel (10)]
  3139 | D:4      | Slain by Pikel

Illustrated notes

Levels and vault maps discovered:
D:1:      ncdulo_wetmaze, layout_basic
D:2:      layout_basic, serial_shops, shop, nicolae_shop_stone, shop,
          chequers_ecumenical_altar_simple, uniq_robin
D:3:      layout_basic, serial_shops, nicolae_shop_crystal,
          minmay_fractal_squares_gapless_5
D:4:      layout_cave_pods, nzn_wu_jian_council_hall, minmay_temple_entry_fiery,
          dk_noncrumbling_3, uniq_pikel, uniq_ijyb, uniq_eustachio,
          uniq_menkaure, uniq_natasha

Skill      XL: |  1  2  3  4  5 |
---------------+----------------+-----
Axes           | 4 5 6 |  6.4
Fighting       | 4 5 |  5.1
Dodging        | 4 |  4.7
Stealth        | |  1.5

Action                   |  1- 3 |  4- 6 || total
-------------------------+-------+-------++-------
Melee: Hand axe          |    75 |   115 ||   190
       Headbutt          |    13 |    20 ||    33
  Use: Scroll            |       |     3 ||     3
 Stab: Sleeping          |     3 |     5 ||     8
       Distracted        |     1 |       ||     1
Armor: Robe              |    17 |    25 ||    42
Dodge: Dodged            |    46 |    81 ||   127
